 Dungeon Crawl Stone Soup version 0.23.1-41-g7e51ed32d8 (webtiles) character file.

Game seed: 13965936020080989557

2866 PentaManta the Fighter (level 9, -9/70 HPs)
             Began as an Octopode Fighter on Mar 29, 2019.
             Was a Follower of Dithmenos.
             Killed by divine providence
             ... invoked by an orc priest
              (16 damage)
             ... on level 9 of the Dungeon on Mar 30, 2019.
             The game lasted 00:21:14 (8008 turns).

PentaManta the Fighter (Octopode Fighter)           Turns: 8008, Time: 00:21:14

Health: -9/70      AC:  1    Str: 16    XL:     9   Next: 75%
Magic:  9/9        EV: 12    Int: 10    God:    Dithmenos [*.....]
Gold:   388        SH: 10    Dex: 18    Spells: 8/8 levels left

rFire    . . .     SeeInvis +   a - +1 long sword
rCold    . . .     Gourm    .   b - +1 shield
rNeg     . . .     Faith    .   (helmet restricted)
rPois    .         Spirit   .   (no amulet)
rElec    .         Reflect  .   e - +4 ring of dexterity
rCorr    .         Harm     .   p - ring of stealth
MR       .....                  x - ring of see invisible
Stlth    ++++......             (no ring)
HPRegen  0.21/turn              (no ring)
MPRegen  0.11/turn              (no ring)
                                (no ring)
                                (no ring)

@: wreathed by umbra
A: almost no armour, stealthy swim, amphibious, 8 rings, constrict 8, camouflage
1, gelatinous body 1
a: Renounce Religion


You were on level 9 of the Dungeon.
You worshipped Dithmenos.
Dithmenos was aware of your devotion.
You were very hungry.

You visited 1 branch of the dungeon, and saw 8 of its levels.

You collected 388 gold pieces.

Inventory:

Hand Weapons
 a - a +1 long sword (weapon)
 u - a +0 dagger
Missiles
 v - 13 tomahawks (quivered)
Armour
 b - a +1 shield (worn)
Jewellery
 e - a +4 ring of dexterity (left tentacle)
 p - a ring of stealth (right tentacle)
 x - a ring of see invisible (on tentacle)
 y - an uncursed ring of ice
Wands
 k - a wand of polymorph (8)
 t - a wand of flame (12)
Scrolls
 j - a scroll of enchant armour
 m - 2 scrolls of remove curse
 s - a scroll of amnesia
Potions
 c - 4 potions of might
 g - 2 potions of lignification
 h - a potion of cancellation
 i - 3 potions of mutation
 l - a potion of curing
 q - a potion of resistance
 r - a potion of berserk rage
 A - a potion of brilliance
Comestibles
 d - 11 rations


   Skills:
 + Level 9.8 Fighting
 + Level 9.5 Long Blades
 - Level 3.0 Dodging
 - Level 3.0 Shields


You had 8 spell levels left.
You didn't know any spells.
Your spell library was empty.

Dungeon Overview and Level Annotations

Branches:
Dungeon (7/15)             Temple (0/1) D:4

Altars:
Dithmenos
Gozag
Makhleb
Ru
Uskayaw
Yredelemnul
The Shining One

Annotations:
D:4 exclusion: hippogriff
D:5 dig, Menkaure
D:7 Pikel
D:9 Grum


Innate Abilities, Weirdness & Mutations

You cannot wear most types of armour.
You are very stealthy in the water. (Stealth+)
You are amphibious.
You can wear up to eight rings at the same time.
You can use your tentacles to constrict eight enemies at once.
Your skin changes colour to match your surroundings (Stealth+).
Your rubbery body absorbs attacks. (AC +1, EV +1)


Message History

The wolf bites you!
* * * LOW HITPOINT WARNING * * *
The centaur shoots an arrow.
The arrow misses you.
You hit the wolf but do no damage. You grab the wolf.
The wolf is heavily wounded.
You constrict the wolf. You block the wolf's attack. The wolf bites you!
* * * LOW HITPOINT WARNING * * *
You release your grip on the wolf.
The centaur shoots an arrow.
You block the arrow. The wolf completely misses you.
You see here an arrow.
You closely miss the wolf. Your grab misses the wolf.
The wolf is heavily wounded.
The wolf bites you.
* * * LOW HITPOINT WARNING * * *
You slash the wolf! You grab the wolf. You squeeze the wolf.
You kill the wolf!
Dithmenos accepts your kill.
The orc priest calls down the wrath of Beogh upon you.
Beogh smites you!
You die...

......S...........
..................
...%.. ........... #
#.... ......... .#
##... .....#####.##
##....####....##....(#
...........##.##.....#
###.....##....##.....#
####.....###co@.#
##.....##.o####
#......#.o#####.
#...........#...
###.......(...o...
##.........(.......
##..##).....(o..$...
#..###......(.......
..## #......?.......


You could see a centaur, an orc priest, an orc wizard and an orc.

Vanquished Creatures
  Edmund (D:6)
  3 orc warriors
  A sky beast (D:5)
  An ice beast (D:5)
  A phantom (D:4)
  2 slaves (D:6)
  2 wolves (D:9)
  5 centaurs
  2 ogres (D:6)
  A bullfrog (D:6)
  A gnoll sergeant (D:7)
  A wyvern zombie (D:6)
  A scorpion (D:2)
  2 crimson imps
  4 hounds
  A quasit (D:4)
  A jelly (D:9)
  3 centaur zombies
  2 orc priests
  A bullfrog zombie (D:7)
  2 bullfrog skeletons
  A gnoll shaman (D:7)
  Crazy Yiuf (D:6)
  An iguana (D:5)
  3 orc wizards
  8 worker ants
  A howler monkey zombie (D:5)
  A worker ant zombie (D:5)
  7 gnolls (D:7)
  12 adders
  3 shadow imps (D:6)
  3 oozes
  2 adder zombies (D:6)
  An adder skeleton (D:4)
  5 worms
  4 dart slugs
  5 leopard geckos
  26 orcs
  A ball python (D:3)
  3 giant cockroaches (D:3)
  6 goblins
  8 hobgoblins
  15 jackals
  10 kobolds
  A quokka (D:3)
  8 bats
  5 frilled lizards
  6 rats
185 creatures vanquished.

Notes
Turn   | Place    | Note
-------+----------+-------------------------------------------
     0 | D:1      | PentaManta the Octopode Fighter began the quest for the
                  | Orb.
     0 | D:1      | Reached XP level 1. HP: 16/16 MP: 1/1
    47 | D:1      | Reached XP level 2. HP: 15/21 MP: 2/2
   489 | D:1      | Reached XP level 3. HP: 26/26 MP: 3/3
   917 | D:2      | Noticed a scorpion
   940 | D:2      | Killed a scorpion
   940 | D:2      | Reached XP level 4. HP: 26/33 MP: 4/4
  1221 | D:2      | Reached XP level 5. HP: 33/38 MP: 5/5
  1934 | D:3      | Reached skill level 5 in Fighting
  1934 | D:3      | Reached XP level 6. HP: 24/45 MP: 6/6
  2230 | D:3      | Found an opulent altar of Gozag.
  2709 | D:3      | Found a hide-covered altar of Uskayaw.
  2811 | D:4      | Noticed a phantom
  3007 | D:4      | Noticed a hippogriff
  3143 | D:4      | Killed a phantom
  3143 | D:4      | Reached skill level 5 in Long Blades
  3408 | D:4      | Found a glowing golden altar of the Shining One.
  3486 | D:4      | Reached XP level 7. HP: 39/51 MP: 7/7
  3664 | D:4      | Found a sacrificial altar of Ru.
  3754 | D:4      | Found a staircase to the Ecumenical Temple.
  4049 | D:5      | Entered Level 5 of the Dungeon
  4339 | D:5      | Noticed Menkaure
  4688 | D:5      | HP: 1/53 [sky beast (5)]
  4689 | D:5      | Reached XP level 8. HP: 1/60 MP: 8/8
  5030 | D:5      | Found a basalt altar of Yredelemnul.
  5095 | D:5      | Found a shadowy altar of Dithmenos.
  5112 | D:5      | Became a worshipper of Dithmenos the Shadowed
  5596 | D:6      | Noticed Edmund
  5791 | D:6      | Killed Edmund
  6028 | D:6      | Reached XP level 9. HP: 62/67 MP: 9/9
  6043 | D:6      | Found a burning altar of Makhleb.
  6430 | D:6      | Found a runed translucent door.
  6431 | D:6      | Noticed Crazy Yiuf
  6512 | D:6      | Reached * piety under Dithmenos
  6954 | D:6      | Killed Crazy Yiuf
  7748 | D:7      | Noticed Pikel
  7883 | D:7      | Noticed a cyan ugly thing
  7898 | D:7      | You fall through a shaft for 2 floors!
  7933 | D:9      | Noticed a troll
  7979 | D:9      | Noticed Grum
  8008 | D:9      | Killed from afar by an orc priest

Skill      XL: |  1  2  3  4  5  6  7  8  9 |
---------------+----------------------------+-----
Long Blades    | 3 4 5 6 8 9 |  9.5
Fighting       | 4 5 7 8 9 |  9.8
Dodging        | |  3.0
Shields        | |  3.0

Action                   |  1- 3 |  4- 6 |  7- 9 || total
-------------------------+-------+-------+-------++-------
Melee: Long sword        |    47 |   146 |   224 ||   417
       Constrict         |    12 |    43 |    57 ||   112
       Tentacles         |    10 |    44 |    90 ||   144
       Dagger            |       |       |     2 ||     2
Throw: Tomahawk          |       |       |     1 ||     1
Evoke: Wand              |       |       |    11 ||    11
  Use: Potion            |     4 |       |     3 ||     7
       Scroll            |       |       |    15 ||    15
 Stab: Sleeping          |     5 |     6 |    14 ||    25
  Eat: Chunk             |       |     7 |    11 ||    18
       Ration            |       |       |     1 ||     1
Armor: Skin              |     9 |     7 |     4 ||    20
Dodge: Dodged            |    19 |    57 |    88 ||   164
Block: Shield            |    19 |    71 |   114 ||   204
       Rpst.: Long sword |     8 |    18 |    27 ||    53
